AoeStats
← Lic. VELEZ Y VINO

Black Forest

509962469Analyzed
3v3 RM · 4d ago on Sep 28, 2026· 32m 32s· 6 players
Game mode
Random Map
Map size
Normal (6 player)
Population
200
Speed
Normal
Resources
Standard
Victory
Conquest
Starting age
Dark Age
Ending age
Imperial Age
RankedLock teamsTeams togetherTeam positionsShared explorationLock speedFull tech treeHidden civsTurbo modeCheats
Victory
Defeat
🇦🇷 Byzantines · Argentina
1772
+8
🇦🇷 Ethiopians · Argentina
1684
+11
🇦🇷 Britons · Argentina
1667
+12
🇧🇾 Lithuanians · Belarus
1640
-12
🇷🇺 Aztecs · Russia
1625
-12
🇮🇹 Turks · Italy
1490
-7
OLADUSHEK
6:54 Loom
12:01 Feudal Age
13:18 Town Watch
16:34 Castle Age
14:52 Fishing Lines
15:41 Double-Bit Axe
17:45 Bow Saw
18:22 Horse Collar
24:29 Wheelbarrow
24:38 Heavy Plow
25:04 Gold Mining
26:54 Hand Cart
29:59 Imperial Age
28:11 Scale Barding Armor
28:33 Fortified Wall
28:40 Forging
29:21 Chain Barding Armor
29:28 Treadmill Crane
30:04 Bloodlines
29:54 Husbandry
30:54 Chain Barding Armor
30:28 Cavalier
32:12 Plate Barding Armor
SiraZaika
11:53 Feudal Age
10:59 Loom
12:43 Double-Bit Axe
15:25 Fletching
18:13 Town Watch
21:00 Castle Age
19:13 Padded Archer Armor
20:29 Horse Collar
22:07 Bodkin Arrow
23:33 Wheelbarrow
23:22 Bow Saw
29:51 Imperial Age
27:36 Bodkin Arrow
28:32 Elite Skirmisher
29:52 Ballistics
30:15 Coinage
30:35 Hand Cart
30:37 Leather Archer Armor
30:44 Bracer
32:13 Chemistry
Nogard
0:47 Loom
12:17 Feudal Age
15:20 Double-Bit Axe
15:21 Horse Collar
18:07 Castle Age
19:07 Wheelbarrow
25:45 Imperial Age
23:34 Gold Mining
24:58 Bow Saw
25:36 Padded Archer Armor
27:34 Gold Shaft Mining
29:44 Leather Archer Armor
MUERE CACA
1:02 Loom
10:37 Feudal Age
10:38 Man-at-Arms
11:08 Double-Bit Axe
16:00 Fletching
18:10 Wheelbarrow
23:05 Castle Age
21:40 Horse Collar
22:56 Gold Mining
23:57 Bow Saw
28:45 Imperial Age
26:40 Bodkin Arrow
26:50 Crossbowman
29:03 Ballistics
28:58 Murder Holes
29:26 Padded Archer Armor
29:45 Bracer
31:30 Chemistry
33:14 Conscription
Gorlami
1:03 Loom
9:50 Feudal Age
10:36 Double-Bit Axe
13:54 Wheelbarrow
18:35 Castle Age
17:52 Fishing Lines
19:27 Bow Saw
25:12 Imperial Age
26:53 Chemistry
25:54 Padded Archer Armor
26:56 Two-Man Saw
28:44 Gold Mining
31:40 Wheelbarrow
31:22 Leather Archer Armor
Lic. VELEZ Y VINO
11:24 Feudal Age
12:08 Double-Bit Axe
15:04 Castle Age
16:41 Bow Saw
17:57 Fishing Lines
22:27 Wheelbarrow
22:40 Horse Collar
25:03 Loom
26:30 Hand Cart
29:44 Imperial Age
27:47 Gillnets
29:08 Coinage
28:50 Squires
28:51 Scale Mail Armor
29:16 Ballistics
28:51 Gold Mining
28:51 Stone Mining
30:05 Chain Mail Armor
29:40 Fletching
31:25 Chemistry
30:26 Torsion Engines
30:47 Conscription
31:40 Banking
32:34 Plate Mail Armor
32:00 Bodkin Arrow
Connection lost

Rejoining the realm…

Still unreachable

The connection could not be restored.

Session expired

The server has moved on; the page needs a fresh start.